 Dungeon Crawl Stone Soup version 0.30-a0-4-ga7cffc901d (webtiles) character file.

Game seed: 4412714079276105578

49 xian the Shooter (level 3, 0/33 HPs)
             Began as a Tengu Hunter on Aug 22, 2022.
             Was a Follower of Trog.
             Slain by an adder (2 damage)
             ... on level 2 of the Dungeon.
             The game lasted 00:03:25 (1069 turns).

xian the Shooter (Tengu Hunter)                     Turns: 1069, Time: 00:03:25

Health: 0/33       AC:  3    Str: 11    XL:     3   Next: 77%
Magic:  4/4        EV: 12    Int: 11    God:    Trog [*.....]
Gold:   119        SH:  0    Dex: 17    Spells: 2/2 levels left

rFire   . . .      SeeInvis .    j - +0 dagger
rCold   . . .      Faith    .    (no shield)
rNeg    . . .      Spirit   .    c - +0 leather armour
rPois   .          Reflect  .    (helmet restricted)
rElec   .          Harm     .    (no cloak)
rCorr   .          Rampage  .    (no gloves)
Will    .....                    (boots unavailable)
Stlth   ..........               (no amulet)
HPRegen 0.11/turn                (no ring)
MPRegen 0.09/turn                (no ring)

@: berserking, very quick
A: beak, talons 3
a: Renounce Religion, Berserk


You were on level 2 of the Dungeon.
You worshipped Trog.
Trog was aware of your devotion.
You visited 1 branch of the dungeon, and saw 2 of its levels.

You collected 119 gold pieces.

Inventory:

Hand Weapons
 a - a +0 shortbow
 j - a +0 dagger (weapon)
Armour
 c - a +0 leather armour (worn)
Scrolls
 b - a scroll of immolation
 e - a scroll of vulnerability {unknown}
 f - a scroll of butterflies {unknown}
Potions
 g - 2 potions of might {unknown}
 h - 2 potions of berserk rage {unknown}
 i - a potion of invisibility {unknown}


   Skills:
 + Level 2.3 Fighting
 + Level 5.4 Ranged Weapons
 + Level 0.6 Armour
 + Level 2.2 Dodging
 + Level 1.2 Stealth


You had 2 spell levels left.
You didn't know any spells.
Your spell library was empty.

Dungeon Overview and Level Annotations

Branches:
Dungeon (2/15)

Altars:
Trog

Shops:
D:1 (=


Innate Abilities, Weirdness & Mutations

You have a beak for a mouth.
You have claws for feet.


Message History

Fire: a) +0 shortbow
Press: ? - help, Q - select action Shift-Dir - straight line, f - worm
Aim: a worm (80% to hit)
You shoot an arrow. The arrow hits the worm.
The worm is lightly wounded.
Found 4 gold pieces.
Fire: a) +0 shortbow
Press: ? - help, Q - select action Shift-Dir - straight line, f/p - worm
Aim: a worm (80% to hit)
You shoot an arrow. The arrow hits the worm!
The worm is moderately wounded.
You hear an angry hiss.
A frilled lizard comes into view.
The frilled lizard hisses angrily.
Found 3 stones.
An adder comes into view.
The adder hisses angrily.
The adder attacks as you move away! The adder misses you.
The frilled lizard misses you. The adder barely misses you.
The frilled lizard attacks as you move away!
The frilled lizard misses you. The adder attacks as you move away!
The adder bites you.
* * * LOW HITPOINT WARNING * * *
The adder attacks as you move away! The adder bites you.
* * * LOW HITPOINT WARNING * * *
The adder bites you but does no damage. The adder attacks as you move away!
The adder barely misses you.
Fire: a) +0 shortbow
Press: ? - help, Q - select action Shift-Dir - straight line, f/p - worm
Aim: a worm (80% to hit)
You shoot an arrow. The arrow closely misses the adder.
The arrow hits the frilled lizard!
You kill the frilled lizard!
Trog accepts your kill. The adder barely misses you. x2
j - a +0 dagger (weapon)
A red film seems to cover your vision as you go berserk!
You feel yourself moving faster!
You feel mighty! The adder closely misses you. The adder bites you.
You die...

. #. #># ##.. #.# ....##
###### (. #.#
#†.....####....# ..
#.###..##.....##....# ..
##.#...######...#....#####
..
..........@S†..w.........
..##
##..###########.#....#####
...###..# #.#....#
.#>...<†# #.#....#
....###.# #...w..#
##..##..# ##....(#
#.....### #...###
##.......# ##..#######
#........#### ##........


You could see a worm and an adder.

Vanquished Creatures
  3 dart slugs
  2 endoplasms (D:1)
  A giant cockroach (D:1)
  2 goblins (D:1)
  2 hobgoblins
  9 jackals (D:1)
  4 kobolds
  2 quokkas (D:1)
  A ball python (D:1)
  6 bats (D:1)
  2 frilled lizards
  4 rats
38 creatures vanquished.

Notes
Turn   | Place    | Note
-------+----------+-------------------------------------------
     0 | D:1      | xian the Tengu Hunter began the quest for the Orb.
     0 | D:1      | Reached XP level 1. HP: 12/12 MP: 2/2
     2 | D:1      | Noticed an ogre
     4 | D:1      | Noticed a tengu
     6 | D:1      | Noticed a vampire
     6 | D:1      | Noticed a formicid
     8 | D:1      | Noticed a draconian
    10 | D:1      | Noticed a felid
    10 | D:1      | Noticed a palentonga
    12 | D:1      | Noticed an octopode
    12 | D:1      | Noticed a ghoul
    14 | D:1      | Noticed a gargoyle
    14 | D:1      | Noticed a spriggan
    16 | D:1      | Noticed a human
    16 | D:1      | Noticed a vine stalker
    18 | D:1      | Noticed a meteoran
    18 | D:1      | Noticed an elf
    20 | D:1      | Noticed a naga
    20 | D:1      | Noticed a demonspawn
    22 | D:1      | Noticed a minotaur
    22 | D:1      | Noticed a merfolk
    24 | D:1      | Noticed a troll
    24 | D:1      | Noticed a demonspawn
    26 | D:1      | Noticed a gargoyle
    26 | D:1      | Noticed a gargoyle
    30 | D:1      | Found Nipsead's Weapon Shoppe.
   193 | D:1      | Reached XP level 2. HP: 17/17 MP: 3/3
   433 | D:1      | Found a faded altar of an unknown god.
   435 | D:1      | Reached skill level 5 in Ranged Weapons
   444 | D:1      | Reached XP level 3. HP: 21/21 MP: 4/4
   450 | D:1      | Prayed at the altar of an unknown god.
   450 | D:1      | Became a worshipper of Trog the Wrathful
   450 | D:1      | Reached * piety under Trog
   873 | D:1      | Found Plog's One-of-a-Kind Rings.
  1064 | D:2      | HP: 1/22 [adder (3)]
  1069 | D:2      | Slain by an adder

Illustrated notes

Levels and vault maps discovered:
D:1:      kb_arrival_jail, layout_loops_ring, serial_shops,
          nicolae_shop_bloodbath_and_beyond, chequers_ecumenical_altar_simple,
          nicolae_shop_unique_rings, minmay_misc_feat_iff,
          minmay_split_cup_small
D:2:      layout_rooms

Skill      XL: |  1  2 |
---------------+-------+-----
Ranged Weapons | 5 |  5.4
Fighting       | |  2.3
Armour         | |  0.6
Dodging        | |  2.2
Stealth        | |  1.2

Action                   || total
-------------------------++-------
 Fire: Shortbow          ||   115
Invok: Berserk           ||     1
Armor: Leather armour    ||    24
Dodge: Dodged            ||    56

Table legend: (Time is in decaauts)
 A = Elapsed time spent in this place.
 B = Non-inter-level travel time spent in this place.
 C = Inter-level travel time spent in this place.
 D = Time resting spent in this place.
 E = Time spent auto-exploring this place.
 F = Levels seen in this place.
 G = Mean time per level.
                   A        B        C        D        E       F      G
               +--------+--------+--------+--------+--------+-----+--------+
         Total |   1101 |   1086 |     15 |      0 |    790 |   2 |  550.5 |
       Dungeon |   1101 |   1086 |     15 |      0 |    790 |   2 |  550.5 |
               +--------+--------+--------+--------+--------+-----+--------+

Top non-repeatable levels by time:
     D:1: 1016 daAuts
     D:2: 84 daAuts
